 Dungeon Crawl Stone Soup version 0.25-a0-578-gc91f01c39c (webtiles) character file.

Game seed: 5608012388753733908, levelgen mode: deterministic

82 An17 the Sneak (level 4, 0/21 HPs)
             Began as a Vine Stalker Enchanter on Mar 4, 2020.
             Slain by a kobold
             ... wielding a +0 dagger
              (3 damage)
             ... on level 3 of the Dungeon.
             The game lasted 00:04:51 (1333 turns).

An17 the Sneak (Vine Stalker Enchanter)             Turns: 1333, Time: 00:04:52

Health: 0/21       AC:  5    Str: 10    XL:     4   Next: 43%
Magic:  0/8        EV: 12    Int: 16    God:
Gold:   114        SH:  0    Dex: 15    Spells: 0/8 levels left

rFire    . . .     SeeInvis .   a - +1 dagger
rCold    . . .     Gourm    .   (no shield)
rNeg     . . .     Faith    .   b - +1 robe
rPois    .         Spirit   +   f - +0 helmet (curse)
rElec    .         Reflect  .   (no cloak)
rCorr    .         Harm     .   (no gloves)
MR       .....                  i - +0 pair of boots
Stlth    ++........             (no amulet)
HPRegen  0.47/turn              e - ring of attention (curse)
MPRegen  0.11/turn              (no ring)

@: no status effects
A: fangs 2, regeneration 1, magic shield, antimagic bite, no potion heal 3, rot
immunity
a: no special abilities


You were on level 3 of the Dungeon.
You were not hungry.

You visited 1 branch of the dungeon, and saw 3 of its levels.

You collected 114 gold pieces.

Inventory:

Hand Weapons
 a - a +1 dagger (weapon)
 c - a +3 hunting sling
 g - a +1 dagger of holy wrath
Missiles
 j - 5 silver boomerangs (quivered)
Armour
 b - a +1 robe (worn)
 f - a cursed +0 helmet (worn)
 i - a +0 pair of boots (worn)
Jewellery
 e - a cursed ring of attention (left hand)
Potions
 h - a potion of cancellation
 k - 2 potions of brilliance {unknown}
Comestibles
 d - 9 rations


   Skills:
 + Level 0.2 Fighting
 + Level 1.6 Short Blades
 + Level 1.6 Dodging
 + Level 4.8 Stealth
 + Level 2.6 Spellcasting
 + Level 3.4 Hexes
 + Level 0.6 Ice Magic


You couldn't memorise any spells.
You knew the following spells:

 Your Spells              Type           Power        Failure   Level  Hunger
a - Confusing Touch       Hex            ##......     14%         3    ###....
b - Ensorcelled Hibernat  Hex/Ice        #.....       13%         2    ##.....
c - Tukima's Dance        Hex            ##......     14%         3    ###....

Your spell library contained the following spells:

 Spells                   Type           Power        Failure   Level  Hunger
 Corona                   Hex            ##.....      4%          1    #......
 Dazzling Flash           Conj/Hex       #.....       28%         3    ###....


Dungeon Overview and Level Annotations

Branches:
Dungeon (3/15)

Altars:


Innate Abilities, Weirdness & Mutations

You have extremely sharp teeth.
Your natural rate of healing is unusually fast.
When hurt, damage is shared between your health and your magic reserves.
Your bite disrupts and absorbs the magic of your enemies.
Potions cannot restore your health.
You are immune to rotting.


Message History

The orc hits you with a +0 morningstar!
You hit the orc. You bite the orc.
You kill the orc!
The kobold throws a stone.
The stone misses you.
The orc hits you from afar with a +0 trident!
The kobold closely misses you.
Items here: )) †† a +0 morningstar; a +0 hand axe; an orc corpse x2
You hit the kobold. Your bite misses the kobold.
The kobold is moderately wounded.
The orc hits you but does no damage. The kobold hits you with a +0 dagger.
You closely miss the kobold.
The kobold is moderately wounded.
The orc barely misses you. The kobold closely misses you.
You closely miss the kobold.
The kobold is moderately wounded.
The orc hits you from afar with a +0 trident.
* * * LOW HITPOINT WARNING * * *
The kobold hits you with a +0 dagger.
You die...

......
#.....
#..#.#
#K#g#
#..o# #..#
#$.#
########.#
#....@Kog#
#.########
#... #.#
#..# #.#
#..# #.#
#..# #.#
#..# #.#
#..# #.#
#..# #.#


You could see an orc, a hobgoblin and a kobold.

Vanquished Creatures
  Jessica (D:2)
  2 adders (D:2)
  A worm (D:2)
  2 leopard geckos
  2 orcs (D:3)
  5 hobgoblins (D:1)
  2 ball pythons
  5 bats
  4 frilled lizards
  5 goblins
  A kobold (D:2)
  6 rats
36 creatures vanquished.

Notes
Turn   | Place    | Note
-------+----------+-------------------------------------------
     0 | D:1      | An17 the Vine Stalker Enchanter began the quest for the
                  | Orb.
     0 | D:1      | Reached XP level 1. HP: 9/9 MP: 4/4
   143 | D:1      | Reached skill level 4 in Stealth
   151 | D:1      | Reached skill level 1 in Short Blades
   151 | D:1      | Reached XP level 2. HP: 6/13 MP: 1/6
   207 | D:1      | Learned a level 2 spell: Ensorcelled Hibernation
   540 | D:2      | Noticed Jessica
   594 | D:2      | Killed Jessica
   594 | D:2      | Reached XP level 3. HP: 16/16 MP: 3/7
   599 | D:2      | Learned a level 3 spell: Confusing Touch
   779 | D:2      | Gained mutation: Your natural rate of healing is unusually
                  | fast. [Vine Stalker growth]
   779 | D:2      | Reached XP level 4. HP: 11/21 MP: 1/8
   797 | D:2      | Learned a level 3 spell: Tukima's Dance
  1333 | D:3      | Slain by a kobold

Levels and vault maps discovered:
D:1:      onia_arrival_mini_spirals, layout_rooms
D:2:      layout_loops_ring, first_ration, roderic_malta_cross, uniq_jessica
D:3:      gammafunk_steamed_eel, layout_basic, old_standard_altar, tso_altar,
          gammafunk_temple_overflow_elements, uniq_crazy_yiuf_cottage,
          uniq_sigmund

Skill      XL: |  1 |
---------------+----+-----
Stealth        | 4 |  4.8
Short Blades   | 1 |  1.6
Fighting       | |  0.2
Dodging        | |  1.6
Spellcasting   | |  2.6
Hexes          | |  3.4
Ice Magic      | |  0.6

Action                   |  1- 3 |  4- 6 || total
-------------------------+-------+-------++-------
Melee: Dagger            |    56 |    38 ||    94
       Bite              |    10 |     7 ||    17
 Cast: Corona            |     2 |       ||     2
       Ensorcelled Hiber |    12 |     1 ||    13
  Use: Scroll            |     6 |     2 ||     8
 Stab: Sleeping          |     9 |     3 ||    12
  Eat: Ration            |       |     1 ||     1
       Chunk             |       |     1 ||     1
Armor: Robe              |     9 |    11 ||    20
Dodge: Dodged            |    29 |    36 ||    65

Table legend:
 A = Non-vault XP
 B = Vault XP
 C = Vault XP percentage of total XP
 D = Non-vault monster count
 E = Vault monster count
 F = Vault count percentage of total count
                 A         B        C        D         E       F
            +---------+---------+-------+---------+---------+-------
      Total |      81 |      37 |  31.4 |      35 |       1 |   2.8
            +---------+---------+-------+---------+---------+-------
        D:1 |      22 |       0 |   0.0 |      15 |       0 |   0.0
        D:2 |      53 |      37 |  41.1 |      18 |       1 |   5.3
        D:3 |       6 |       0 |   0.0 |       2 |       0 |   0.0
            +---------+---------+-------+---------+---------+-------
